 Seeded DCSS version 0.31.0-32-g396128a36d (webtiles) character file.

Game seed: 2772133428319353497 (custom seed)

6941 0gre the Frost Mage (level 11, -4/81 HPs)
             Began as a Gnoll Ice Elementalist on Apr 21, 2024.
             Slain by a death yak (14 damage)
             ... on level 8 of the Dungeon on Apr 22, 2024.
             The game lasted 00:51:56 (8546 turns).

0gre the Frost Mage (Gnoll Ice Elementalist)        Turns: 8546, Time: 00:51:59

Health: -4/81      AC: 11    Str:  7    XL:     11   Next: 7%
Magic:  19/23      EV: 16    Int: 18    God:
Gold:   128        SH:  0    Dex: 17    Spells: 16/26 levels left

rFire   . . .        e - +5 great sword
rCold   . . .        (shield currently unavailable)
rNeg    + . .        i - +2 robe {Will+}
rPois   .            k - +2 helmet
rElec   .            u - +1 cloak
rCorr   .            t - +0 pair of gloves
SInv    .            (no boots)
Will    +....        (no amulet)
Stlth   ++++         f - +3 ring of intelligence
HPRegen 0.33/turn    r - ring of positive energy
MPRegen 0.18/turn

%: no passive effects
@: freezing walls
A: fangs 1, strong nose, distributed training
a: no special abilities


You were on level 8 of the Dungeon.
You visited 2 branches of the dungeon, and saw 9 of its levels.

You collected 453 gold pieces.
You spent 325 gold pieces at shops.

Inventory:

Hand Weapons
 a - a +1 scimitar of freezing
 b - a +0 shortbow
 c - a +0 halberd
 d - a +4 flail of freezing
 e - a +5 great sword (weapon)
Missiles
 D - 4 javelins
 F - 13 poisoned darts (quivered)
Armour
 i - a +2 robe of willpower (worn)
 k - a +2 helmet (worn)
 p - a +3 leather armour of fire resistance
 t - a +0 pair of gloves (worn)
 u - a +1 cloak (worn)
Jewellery
 f - a +3 ring of intelligence (left hand)
 r - a ring of positive energy (right hand)
 s - a ring of resist corrosion
Wands
 n - a wand of paralysis (8)
 o - a wand of roots (8)
Scrolls
 g - a scroll of amnesia
 v - a scroll of identify
Potions
 j - a potion of might
 m - a potion of magic
 q - a potion of enlightenment {unknown}
 x - a potion of resistance {unknown}
 z - 2 potions of curing
 A - 2 potions of ambrosia {unknown}
 B - a potion of haste {unknown}
 E - 6 potions of lignification


   Skills:
 + Level 6.1 Fighting
 + Level 6.1 Short Blades
 + Level 6.1 Long Blades
 + Level 6.1 Axes
 + Level 6.1 Maces & Flails
 + Level 6.1 Polearms
 + Level 6.1 Staves
 + Level 6.1 Ranged Weapons
 + Level 6.1 Throwing
 + Level 6.1 Armour
 + Level 7.7 Dodging
 + Level 7.5 Stealth
 + Level 6.1 Shields
 + Level 6.1 Unarmed Combat
 + Level 8.0 Spellcasting
 + Level 5.1 Conjurations
 + Level 5.1 Hexes
 + Level 5.1 Summonings
 + Level 5.1 Necromancy
 + Level 5.1 Translocations
 + Level 5.1 Fire Magic
 + Level 8.8 Ice Magic
 + Level 5.1 Air Magic
 + Level 5.1 Earth Magic
 + Level 5.1 Alchemy
 + Level 6.7 Invocations
 + Level 6.1 Evocations
 + Level 5.6 Shapeshifting


You had 16 spell levels left.
You knew the following spells:

 Your Spells              Type           Power      Damage    Failure   Level
a - Freeze                Ice            100%       1d10      1%          1
b - Frozen Ramparts       Ice            78%        1d12      1%          3
c - Hailstorm             Conj/Ice       32%        3d8       1%          3
q - Summon Ice Beast      Ice/Summ       32%        N/A       1%          3

Your spell library contained the following spells:

 Spells                   Type           Power      Damage    Failure   Level
 Apportation              Tloc           50%        N/A       1%          1
 Jinxbite                 Hex            50%        N/A       1%          2
 Ozocubu's Armour         Ice            39%        N/A       1%          3
 Alistair's Intoxication  Alch           16%        N/A       32%         5
 Borgnjor's Vile Clutch   Necr/Erth      12%        N/A       32%         5
 Eringya's Noxious Bog    Alch           12%        4d6       88%         6


Dungeon Overview and Level Annotations

Branches:
Dungeon (8/15)             Temple (1/1) D:7            Lair (0/5) D:8

Altars:
Ashenzari
Cheibriados
Dithmenos
Elyvilon
Fedhas
Hepliaklqana
Makhleb
Nemelex Xobeh
Okawaru
Qazlal
Ru
Sif Muna
Uskayaw
Vehumet
Wu Jian
Xom
Yredelemnul
Zin
The Shining One

Shops:
D:1 (:*=   D:6 *


Innate Abilities, Weirdness & Mutations

You have very sharp teeth.
Your uncanny sense of smell can sniff out nearby items.
Your experience applies equally to all skills.


Message History

You have reached level 11!
Throw: 14 darts (poison)
Press: ? - help, Q - select action, (/) - cycle Shift-Dir - straight line, f - death yak
Aim: a death yak (lightly wounded, 81% to hit)
You throw a poisoned dart. The poisoned dart hits the death yak!
The death yak is poisoned.
The death yak is lightly wounded.
The wall freezes the death yak.
The death yak gores you but does no damage.
You slash the death yak!
You bite the death yak, but do no damage.
The death yak is moderately wounded.
The frozen ramparts melt away.
The death yak gores you!!
The death yak attacks as it pursues you!
The death yak gores you.
The death yak attacks as it pursues you!
The death yak closely misses you.
The death yak attacks as it pursues you!
The death yak gores you!
* * * LOW HITPOINT WARNING * * *
The death yak looks more healthy.
The death yak attacks as it pursues you!
The death yak gores you!
* * * LOW HITPOINT WARNING * * *
Casting: Frozen Ramparts (safe; 1% risk of failure)
Confirm with . or Enter, or press ? or * to list all spells.
Casting: Frozen Ramparts (safe; 1% risk of failure)
Press: ? - help, Dir - look around, f - activate The walls around you are covered in ice.
The wall freezes the death yak!
The wall freezes the death yak.
The death yak gores you.
* * * LOW HITPOINT WARNING * * *
You slash the death yak!
You bite the death yak, but do no damage.
The death yak is heavily wounded.
The wall freezes the death yak!
The wall freezes the death yak but does no damage.
The death yak snorts and paws the ground.
The death yak gores you!
You die...

#.# #Y#### #....#
####.# #.# .# #Y#
.# #Y# # #Y# # #@#
# #.# ###########
#.#
^...##....######.#
##....(......)...#
#..PPP.P...#######
#.PP...PP..#
#....P..P..#
#..P...PP..#


You could see 2 death yaks and a yak.

Vanquished Creatures
  3 death yaks (D:8)
  A boulder beetle (D:8)
  Pikel (D:8)
  2 yaks (D:8)
  Eustachio (D:4)
  2 ice beasts
  A sky beast (D:6)
  2 black bears
  An orc warrior (D:8)
  4 ogres
  2 phantoms
  A lemure (D:8)
  2 gnoll sergeants (D:8)
  5 scorpions
  3 bullfrogs
  3 wights (D:6)
  4 hounds
  A jelly (D:6)
  3 gnoll boudas
  An iguana (D:5)
  3 orc priests
  Crazy Yiuf (D:4)
  Natasha (D:2)
  7 orc wizards
  Robin (D:4)
  19 gnolls
  6 adders
  A shadow imp (D:6)
  A white imp (D:6)
  2 ufetubi (D:6)
  A dart slug (D:3)
  A ribbon worm (D:3)
  10 orcs
  3 bats
  5 endoplasms
  5 giant cockroaches
  12 goblins
  10 hobgoblins
  A quokka (D:3)
  3 ball pythons
  3 frilled lizards
  12 kobolds
  5 rats
156 creatures vanquished.

Vanquished Creatures (collateral kills)
  A death yak (D:8)
  An ice beast (D:6)
  A centaur (D:6)
  A kobold brigand (D:6)
  A wight (D:6)
  2 jellies (D:5)
  2 bombardier beetles (D:5)
  An iguana (D:5)
  7 gnolls
  A white imp (D:5)
  2 orcs (D:7)
  A kobold (D:6)
21 creatures vanquished.

Grand Total: 177 creatures vanquished

Notes
Turn   | Place    | Note
-------+----------+-------------------------------------------
     0 | D:1      | 0gre the Gnoll Ice Elementalist began the quest for the
                  | Orb.
     0 | D:1      | Reached XP level 1. HP: 13/13 MP: 6/6
    47 | D:1      | Found Juistet's Book Shoppe.
   140 | D:1      | Found Bomy's Weapon Shoppe.
   236 | D:1      | Found Elluxon's One-of-a-Kind Rings.
   254 | D:1      | Reached XP level 2. HP: 19/19 MP: 7/7
   531 | D:1      | Found Akhaut's Assorted Antiques.
   746 | D:2      | Reached skill level 5 in Spellcasting
   746 | D:2      | Reached XP level 3. HP: 25/25 MP: 7/9
   920 | D:2      | Found a glowing silver altar of Zin.
  1091 | D:2      | Found a faded altar of an unknown god.
  1309 | D:2      | Reached skill level 1 in Invocations
  1313 | D:2      | Learned a level 3 spell: Frozen Ramparts
  1362 | D:2      | Reached skill level 1 in Fighting
  1362 | D:2      | Reached skill level 1 in Short Blades
  1362 | D:2      | Reached skill level 1 in Long Blades
  1362 | D:2      | Reached skill level 1 in Axes
  1362 | D:2      | Reached skill level 1 in Maces & Flails
  1362 | D:2      | Reached skill level 1 in Polearms
  1362 | D:2      | Reached skill level 1 in Staves
  1362 | D:2      | Reached skill level 1 in Ranged Weapons
  1362 | D:2      | Reached skill level 1 in Throwing
  1362 | D:2      | Reached skill level 1 in Armour
  1362 | D:2      | Reached skill level 1 in Shields
  1362 | D:2      | Reached skill level 1 in Unarmed Combat
  1362 | D:2      | Reached skill level 1 in Evocations
  1384 | D:2      | Noticed Natasha
  1388 | D:2      | Killed Natasha
  1389 | D:2      | Reached skill level 1 in Shapeshifting
  1389 | D:2      | Reached XP level 4. HP: 32/32 MP: 7/11
  1805 | D:3      | Reached skill level 1 in Conjurations
  1805 | D:3      | Reached skill level 1 in Hexes
  1805 | D:3      | Reached skill level 1 in Summonings
  1805 | D:3      | Reached skill level 1 in Necromancy
  1805 | D:3      | Reached skill level 1 in Translocations
  1805 | D:3      | Reached skill level 1 in Fire Magic
  1805 | D:3      | Reached skill level 1 in Air Magic
  1805 | D:3      | Reached skill level 1 in Earth Magic
  1805 | D:3      | Reached skill level 1 in Alchemy
  1823 | D:3      | Reached XP level 5. HP: 24/37 MP: 4/12
  2452 | D:3      | Found a basalt altar of Yredelemnul.
  2454 | D:3      | Found a shadowy altar of Dithmenos.
  2569 | D:1      | Bought a +3 ring of intelligence for 110 gold pieces
  2689 | D:4      | Noticed Robin
  2709 | D:4      | Killed Robin
  2746 | D:4      | Noticed Eustachio
  2764 | D:4      | Killed Eustachio
  2765 | D:4      | Reached skill level 5 in Dodging
  2765 | D:4      | Reached XP level 6. HP: 30/44 MP: 1/14
  3017 | D:4      | Found a runed translucent door.
  3018 | D:4      | Noticed Crazy Yiuf
  3024 | D:4      | Paralysed by Crazy Yiuf for 1 turns
  3025 | D:4      | Killed Crazy Yiuf
  3106 | D:4      | Reached XP level 7. HP: 50/50 MP: 11/15
  3288 | D:5      | Entered Level 5 of the Dungeon
  3315 | D:5      | Learned a level 3 spell: Summon Ice Beast
  3327 | D:5      | Reached skill level 5 in Stealth
  3851 | D:5      | Reached XP level 8. HP: 27/58 MP: 14/16
  4584 | D:6      | Found Pish's Assorted Antiques.
  4593 | D:6      | Bought a bubbling purple potion for 21 gold pieces
  4593 | D:6      | Bought a murky inky potion for 21 gold pieces
  4593 | D:6      | Bought a glowing robe for 88 gold pieces
  4750 | D:1      | Bought a scroll labelled LUDEOCH YDYISU for 22 gold pieces
  4750 | D:1      | Bought a scroll labelled MAOSCH YTOATHA for 22 gold pieces
  5155 | D:6      | Reached XP level 9. HP: 45/65 MP: 9/18
  5516 | D:1      | Bought a scroll labelled MUZXINK WATAOR for 22 gold pieces
  5881 | D:6      | Found a hazy altar of Hepliaklqana.
  6490 | D:7      | Reached skill level 5 in Invocations
  6760 | D:1      | Bought a sapphire potion for 19 gold pieces
  7262 | D:7      | Found a staircase to the Ecumenical Temple.
  7266 | Temple   | Entered the Ecumenical Temple
  7453 | D:8      | Noticed a boulder beetle
  7496 | D:8      | Killed a boulder beetle
  7497 | D:8      | Reached skill level 5 in Fighting
  7497 | D:8      | Reached skill level 5 in Short Blades
  7497 | D:8      | Reached skill level 5 in Long Blades
  7497 | D:8      | Reached skill level 5 in Axes
  7497 | D:8      | Reached skill level 5 in Maces & Flails
  7497 | D:8      | Reached skill level 5 in Polearms
  7497 | D:8      | Reached skill level 5 in Staves
  7497 | D:8      | Reached skill level 5 in Ranged Weapons
  7497 | D:8      | Reached skill level 5 in Throwing
  7497 | D:8      | Reached skill level 5 in Armour
  7497 | D:8      | Reached skill level 5 in Shields
  7497 | D:8      | Reached skill level 5 in Unarmed Combat
  7497 | D:8      | Reached skill level 5 in Evocations
  7497 | D:8      | Reached XP level 10. HP: 45/74 MP: 1/20
  7664 | D:8      | Noticed a death yak
  7667 | D:8      | Noticed a death yak
  7670 | D:8      | Noticed a death yak
  7670 | D:8      | Noticed a death yak
  7671 | D:8      | Noticed a death yak
  7687 | D:8      | HP: 3/74 [gnoll sergeant/+2 spear of flaming (1)]
  7687 | D:8      | Noticed a death yak
  7966 | D:8      | Found a broken altar of Ashenzari.
  8058 | D:8      | Killed a death yak
  8059 | D:8      | Reached skill level 5 in Shapeshifting
  8065 | D:8      | Killed a death yak
  8323 | D:8      | Learned a level 3 spell: Hailstorm
  8341 | D:8      | Noticed Pikel
  8366 | D:8      | Killed Pikel
  8491 | D:8      | Found a staircase to the Lair.
  8517 | D:8      | Killed a death yak
  8528 | D:8      | Killed a death yak
  8529 | D:8      | Reached skill level 5 in Conjurations
  8529 | D:8      | Reached skill level 5 in Hexes
  8529 | D:8      | Reached skill level 5 in Summonings
  8529 | D:8      | Reached skill level 5 in Necromancy
  8529 | D:8      | Reached skill level 5 in Translocations
  8529 | D:8      | Reached skill level 5 in Fire Magic
  8529 | D:8      | Reached skill level 5 in Air Magic
  8529 | D:8      | Reached skill level 5 in Earth Magic
  8529 | D:8      | Reached skill level 5 in Alchemy
  8529 | D:8      | Reached XP level 11. HP: 52/81 MP: 19/23
  8546 | D:8      | Slain by a death yak

Illustrated notes

Levels and vault maps discovered:
D:1:      minmay_arrival_checkered_box, layout_basic, serial_shops,
          nicolae_shop_hallway_stairs, shop, shop, st_stairs_13,
          nicolae_shop_unique_rings, hex_medium
D:2:      layout_loops_corners, dilly_ecumenical_altar_fadedgnrine, basic_altar,
          dk_noncrumbling_4, uniq_natasha
D:3:      layout_basic, chequers_temple_overflow_statue_of_worship,
          hangedman_decor_push, minivault_25
D:4:      layout_rooms, uniq_eustachio, uniq_robin, uniq_crazy_yiuf_cottage
D:5:      layout_basic, hangedman_decor_slide_cut, minmay_misc_feat_nine_boxes
D:6:      layout_basic, kennysheep_mini, serial_shops,
          nicolae_shop_getting_attention
D:7:      layout_cave_pools, temple_hall_moat, minivault_23
D:8:      layout_loops_ring, lemuel_tele_altar, dpeg_lair_monsters,
          nicolae_grassy_gnolls, uniq_pikel
Temple:   hellmonk_temple_two_chambers

Skill      XL: |  1  2  3  4  5  6  7  8  9 10 |
---------------+-------------------------------+-----
Spellcasting   | 5 6 7 8 |  8.0
Invocations    | 1 2 3 4 5 6 |  6.7
Fighting       | 1 2 3 5 6 |  6.1
Short Blades   | 1 2 3 5 6 |  6.1
Long Blades    | 1 2 3 5 6 |  6.1
Axes           | 1 2 3 5 6 |  6.1
Maces & Flails | 1 2 3 5 6 |  6.1
Polearms       | 1 2 3 5 6 |  6.1
Staves         | 1 2 3 5 6 |  6.1
Ranged Weapons | 1 2 3 5 6 |  6.1
Throwing       | 1 2 3 5 6 |  6.1
Armour         | 1 2 3 5 6 |  6.1
Shields        | 1 2 3 5 6 |  6.1
Unarmed Combat | 1 2 3 5 6 |  6.1
Evocations     | 1 2 3 5 6 |  6.1
Shapeshifting  | 1 2 3 4 5 |  5.6
Conjurations   | 1 2 3 4 5 |  5.1
Hexes          | 1 2 3 4 5 |  5.1
Summonings     | 1 2 3 4 5 |  5.1
Necromancy     | 1 2 3 4 5 |  5.1
Translocations | 1 2 3 4 5 |  5.1
Fire Magic     | 1 2 3 4 5 |  5.1
Air Magic      | 1 2 3 4 5 |  5.1
Earth Magic    | 1 2 3 4 5 |  5.1
Alchemy        | 1 2 3 4 5 |  5.1
Dodging        | 5 6 7 |  7.7
Stealth        | 5 6 7 |  7.5
Ice Magic      | 8 |  8.8

Action                     |  1- 3 |  4- 6 |  7- 9 | 10-12 || total
---------------------------+-------+-------+-------+-------++-------
  Melee: Dagger            |    64 |       |       |       ||    64
         Bite              |     8 |     8 |     8 |    17 ||    41
         Punch             |     3 |     1 |     3 |     4 ||    11
         Long sword        |    23 |    67 |    63 |       ||   153
         Trident           |       |       |     3 |       ||     3
         Scimitar          |       |       |    26 |    42 ||    68
         Rapier            |       |       |    12 |       ||    12
         Halberd           |       |       |     9 |       ||     9
         Great sword       |       |       |       |    25 ||    25
   Fire: Sling             |       |     5 |    45 |       ||    50
         Shortbow          |       |       |    34 |    14 ||    48
  Throw: Dart              |       |     5 |     1 |     3 ||     9
   Cast: Freeze            |     5 |     1 |       |       ||     6
         Frozen Ramparts   |     1 |    12 |    41 |    10 ||    64
         Summon Ice Beast  |       |       |    18 |     2 ||    20
  Evoke: Wand              |       |       |       |     4 ||     4
    Use: Scroll            |       |     6 |    12 |     2 ||    20
         Potion            |       |       |     2 |     2 ||     4
   Stab: Sleeping          |     6 |     3 |     1 |       ||    10
         Distracted        |       |     1 |       |       ||     1
         Paralysed         |       |       |       |     4 ||     4
 Armour: Robe              |    31 |    37 |    81 |    65 ||   214
  Dodge: Dodged            |    52 |    47 |    79 |    54 ||   232
